 Dungeon Crawl Stone Soup version 0.28.0-47-ge53b351184 (webtiles) character file.

Game seed: 12557216917210601971

316 croobank the Covert (level 6, -13/53 HPs)
             Began as a Gnoll Delver on Apr 29, 2022.
             Mangled by an ogre
             ... wielding a +0 giant spiked club
              (21 damage)
             ... on level 4 of the Dungeon.
             The game lasted 00:23:06 (5361 turns).

croobank the Covert (Gnoll Delver)                  Turns: 5361, Time: 00:23:06

Health: -13/53     AC:  5    Str: 11    XL:     6   Next: 44%
Magic:  9/9        EV: 13    Int: 11    God:
Gold:   112        SH:  0    Dex: 14    Spells: 5/9 levels left

rFire   + . .      SeeInvis .   a - +0 hand axe
rCold   . . .      Faith    .   (no shield)
rNeg    . . .      Spirit   .   l - +0 leather armour
rPois   .          Reflect  .   (no helmet)
rElec   .          Harm     .   d - +0 cloak
rCorr   .          Rampage  .   (no gloves)
Will    .....                   i - +0 pair of boots
Stlth   ++++......              (no amulet)
HPRegen 0.17/turn               c - ring of protection from fire
MPRegen 0.11/turn               (no ring)

@: no status effects
A: fangs 1, strong nose, distributed training
a: no special abilities


You were on level 4 of the Dungeon.
You visited 2 branches of the dungeon, and saw 6 of its levels.

You collected 112 gold pieces.

Inventory:

Hand Weapons
 a - a +0 hand axe (weapon)
 b - a +0 hunting sling
 e - a +0 spear
 h - a +0 war axe
 t - a +0 dagger
 w - a +0 morningstar
Missiles
 k - 57 stones (quivered)
 p - 38 arrows
 q - 9 bolts
Armour
 d - a +0 cloak (worn)
 i - a +0 pair of boots (worn)
 l - a +0 leather armour (worn)
 r - a +0 tower shield
 s - a +2 scale mail of cold resistance
 v - a +0 ring mail
Jewellery
 c - a ring of protection from fire (left hand)
Wands
 g - a wand of digging (2)
 o - a wand of polymorph (1)
Potions
 n - 2 potions of cancellation


   Skills:
 + Level 6.8 Fighting
 + Level 2.0 Short Blades
 + Level 2.0 Long Blades
 + Level 5.0 Axes
 + Level 2.0 Maces & Flails
 + Level 2.0 Polearms
 + Level 2.0 Staves
 + Level 2.0 Slings
 + Level 2.0 Bows
 + Level 2.0 Crossbows
 + Level 2.0 Throwing
 + Level 2.0 Armour
 + Level 5.0 Dodging
 + Level 9.8 Stealth
 + Level 2.0 Shields
 + Level 2.0 Unarmed Combat
 + Level 2.0 Spellcasting
 + Level 1.5 Conjurations
 + Level 1.5 Hexes
 + Level 1.5 Summonings
 + Level 1.5 Necromancy
 + Level 1.5 Translocations
 + Level 1.5 Transmutations
 + Level 1.5 Fire Magic
 + Level 1.5 Ice Magic
 + Level 1.5 Air Magic
 + Level 1.5 Earth Magic
 + Level 1.5 Poison Magic
 + Level 2.1 Invocations
 + Level 2.0 Evocations


You had 5 spell levels left.
You knew the following spells:

 Your Spells              Type           Power      Damage    Failure   Level
a - Olgreb's Toxic Radia  Pois           4%         N/A       90%         4

Your spell library contained the following spells:

 Spells                   Type           Power      Damage    Failure   Level
 Animate Dead             Necr           2%         N/A       90%         4
 Haunt                    Necr/Summ      2%         N/A       100%        7
 Ozocubu's Refrigeration  Ice            2%         4d5       100%        7
 Ignition                 Fire           2%         3d3       100%        8
 Infestation              Necr           2%         N/A       100%        8


Dungeon Overview and Level Annotations

Branches:
Dungeon (5/15)             Temple (1/1) D:4

Altars:
Sif Muna
Xom

Annotations:
D:4 Grinder


Innate Abilities, Weirdness & Mutations

You have very sharp teeth.
Your uncanny sense of smell can sniff out nearby items.
Your experience applies equally to all skills.


Message History

Found a club.
The adder hisses angrily.
An orc comes into view. It is wielding a +0 whip.
The river rat twitches its whiskers.
The adder bites you.
* * * LOW HITPOINT WARNING * * *
The adder bites you but does no damage.
There is an open door here.
The adder closely misses you.
You slash the adder!
The adder is severely wounded.
The adder barely misses you.
You miss the adder.
The adder is severely wounded.
The adder bites you but does no damage.
You barely miss the adder.
The adder is severely wounded.
The adder misses you.
Unknown command.
You miss the adder.
The adder is severely wounded.
The adder bites you.
* * * LOW HITPOINT WARNING * * *
The adder barely misses you.
You hit the adder.
You kill the adder!
You aren't carrying any scrolls.
Aiming: Polymorph
Press: ? - help, Shift-Dir - straight line, f - ogre
Aim: an ogre, wielding a +0 giant spiked club (moderately wounded, will become a golden eye, a hound, or a sky beast, chance to affect: 54%)
Okay, then.
The river rat twitches its whiskers.
Aiming: Dig
Press: ? - help, Shift-Dir - straight line A rock wall.
The rock shatters into small pieces.
The orc shouts!
The ogre misses you.
The ogre hits you with a +0 giant spiked club!!
You die...

#....#
.)r...+...'.....
####.#
......#...#.....
#.#....!##...##....
#.#...# #o[.# #...
#.#### #)..# ###
##...###...# #...
##J....##...##..o.
#.O.....#...#.....
#@r....o'...'.....
#.......#...#....
##.....##...##. .
##...###r..# #.
##### #...# ###
#...# #...
#...##....
#...#..... ∆
+...'....)


You could see an ogre, a jelly, a river rat and an orc.

Vanquished Creatures
  A scorpion (D:4)
  Ijyb (D:3)
  Robin (D:2)
  A hound skeleton (D:5)
  8 adders
  4 worms
  A dart slug (D:1)
  11 orcs
  4 bats
  9 endoplasms
  6 giant cockroaches
  14 goblins
  15 hobgoblins
  4 jackals (D:3)
  A quokka (D:3)
  8 ball pythons
  8 frilled lizards
  6 kobolds
  6 rats
109 creatures vanquished.

Vanquished Creatures (others)
  8 plants (D:5)
8 creatures vanquished.

Grand Total: 117 creatures vanquished

Notes
Turn   | Place    | Note
-------+----------+-------------------------------------------
     0 | D:5      | Reached skill level 9 in Stealth
     0 | D:5      | croobank the Gnoll Delver began the quest for the Orb.
     0 | D:5      | Reached XP level 1. HP: 23/23 MP: 1/1
    18 | D:5      | Noticed a water moccasin zombie
    28 | D:5      | Noticed a water moccasin zombie
    28 | D:5      | Noticed a howler monkey
    36 | D:4      | Noticed a scorpion
    55 | D:4      | Found a shimmering altar of Xom.
   247 | D:2      | Reached XP level 2. HP: 29/29 MP: 2/2
   287 | D:2      | Noticed Robin
   314 | D:2      | Reached XP level 3. HP: 27/35 MP: 3/3
   328 | D:2      | Killed Robin
   329 | D:2      | Reached skill level 1 in Invocations
   623 | D:1      | Reached skill level 1 in Short Blades
   623 | D:1      | Reached skill level 1 in Long Blades
   623 | D:1      | Reached skill level 1 in Maces & Flails
   623 | D:1      | Reached skill level 1 in Polearms
   623 | D:1      | Reached skill level 1 in Staves
   623 | D:1      | Reached skill level 1 in Slings
   623 | D:1      | Reached skill level 1 in Bows
   623 | D:1      | Reached skill level 1 in Crossbows
   623 | D:1      | Reached skill level 1 in Throwing
   623 | D:1      | Reached skill level 1 in Armour
   623 | D:1      | Reached skill level 1 in Shields
   623 | D:1      | Reached skill level 1 in Unarmed Combat
   623 | D:1      | Reached skill level 1 in Spellcasting
   623 | D:1      | Reached skill level 1 in Evocations
   774 | D:1      | Reached XP level 4. HP: 35/41 MP: 5/5
   937 | D:1      | Learned a level 4 spell: Olgreb's Toxic Radiance
  1905 | D:2      | Reached skill level 1 in Conjurations
  1905 | D:2      | Reached skill level 1 in Hexes
  1905 | D:2      | Reached skill level 1 in Summonings
  1905 | D:2      | Reached skill level 1 in Necromancy
  1905 | D:2      | Reached skill level 1 in Translocations
  1905 | D:2      | Reached skill level 1 in Transmutations
  1905 | D:2      | Reached skill level 1 in Fire Magic
  1905 | D:2      | Reached skill level 1 in Ice Magic
  1905 | D:2      | Reached skill level 1 in Air Magic
  1905 | D:2      | Reached skill level 1 in Earth Magic
  1905 | D:2      | Reached skill level 1 in Poison Magic
  2274 | D:2      | Reached XP level 5. HP: 39/47 MP: 5/7
  2632 | D:3      | Found a shimmering blue altar of Sif Muna.
  3323 | D:3      | Noticed Ijyb
  4007 | D:3      | Killed Ijyb
  4140 | D:4      | Noticed Grinder
  4226 | D:4      | Noticed an ogre
  4328 | D:4      | Reached XP level 6. HP: 30/53 MP: 8/8
  4985 | D:4      | Found a staircase to the Ecumenical Temple.
  5089 | Temple   | Entered the Ecumenical Temple
  5319 | D:4      | Reached skill level 5 in Axes
  5319 | D:4      | Reached skill level 5 in Dodging
  5361 | D:4      | Mangled by an ogre

Illustrated notes

Levels and vault maps discovered:
D:1:      dpeg_arrival_lava_altar, layout_loops_corners, grunt_decor_fettered
D:2:      layout_rooms, corexii_corridor_pit, fountainhead, st_stairs_11,
          uniq_robin
D:3:      layout_basic, mainiacjoe_overflow_boulevard, uniq_ijyb
D:4:      kennysheep_six_static_rooms, layout_basic, overflow_temple_1_default,
          kennysheep_mini_moat, minmay_temple_entry_junction_2, uniq_grinder
D:5:      wad_woods_tower, layout_basic, cheibrodos_sewer_entry_drain,
          serial_undead, serial_undead_a, serial_undead_b, serial_undead_b,
          serial_undead_e
Temple:   minmay_temple_curvy_loop

Skill      XL: |  1  2  3  4  5  6 |
---------------+-------------------+-----
Stealth        | |  9.8
Invocations    | 1 2 |  2.1
Short Blades   | 1 2 |  2.0
Long Blades    | 1 2 |  2.0
Maces & Flails | 1 2 |  2.0
Polearms       | 1 2 |  2.0
Staves         | 1 2 |  2.0
Slings         | 1 2 |  2.0
Bows           | 1 2 |  2.0
Crossbows      | 1 2 |  2.0
Throwing       | 1 2 |  2.0
Armour         | 1 2 |  2.0
Shields        | 1 2 |  2.0
Unarmed Combat | 1 2 |  2.0
Spellcasting   | 1 2 |  2.0
Evocations     | 1 2 |  2.0
Conjurations   | 1 |  1.5
Hexes          | 1 |  1.5
Summonings     | 1 |  1.5
Necromancy     | 1 |  1.5
Translocations | 1 |  1.5
Transmutations | 1 |  1.5
Fire Magic     | 1 |  1.5
Ice Magic      | 1 |  1.5
Air Magic      | 1 |  1.5
Earth Magic    | 1 |  1.5
Poison Magic   | 1 |  1.5
Axes           | 5 |  5.0
Dodging        | 5 |  5.0
Fighting       | |  6.8

Action                   |  1- 3 |  4- 6 || total
-------------------------+-------+-------++-------
Melee: Hand axe          |    89 |   332 ||   421
       Bite              |     8 |    27 ||    35
       Punch             |     2 |     9 ||    11
 Fire: Hunting sling     |       |    16 ||    16
Throw: Stone             |       |     1 ||     1
Evoke: Wand              |       |     1 ||     1
  Use: Scroll            |     2 |    11 ||    13
       Potion            |       |     6 ||     6
 Stab: Sleeping          |     2 |    14 ||    16
       Distracted        |       |     2 ||     2
Armor: Leather armour    |    17 |    79 ||    96
       Skin              |       |    21 ||    21
Dodge: Dodged            |    49 |   239 ||   288
